 Dungeon Crawl Stone Soup version 0.30-a0-719-gcc4359ea44 (webtiles) character file.

Game seed: 1587321244600942236

95 NinjaNoafa the Digger (level 4, -9/24 HPs)
             Began as a Gargoyle Earth Elementalist on Jan 26, 2023.
             Mangled by an ogre
             ... wielding a +0 giant club
              (33 damage)
             ... on level 4 of the Dungeon.
             The game lasted 00:03:15 (2584 turns).

NinjaNoafa the Digger (Gargoyle Earth Elementalist) Turns: 2584, Time: 00:03:15

Health: -9/24      AC:  7    Str: 12    XL:     4   Next: 66%
Magic:  8/9        EV: 11    Int: 17    God:
Gold:   121        SH:  0    Dex: 10    Spells: 6/9 levels left

rFire   . . .      SeeInvis .    f - +0 short sword
rCold   . . .      Faith    .    (no shield)
rNeg    + . .      Spirit   .    a - +0 robe
rPois   ∞          Reflect  .    (no helmet)
rElec   +          Harm     .    v - +1 cloak {Will+}
rCorr   .          Rampage  .    (no gloves)
Will    +....                    (no boots)
Stlth   ++                       (no amulet)
HPRegen 0.24/turn                (no ring)
MPRegen 0.11/turn                (no ring)

@: no status effects
A: sickness immunity, AC +3, negative energy resistance 1, electricity
resistance, torment resistance 1, petrification resistance
a: no special abilities


You were on level 4 of the Dungeon.
You visited 1 branch of the dungeon, and saw 4 of its levels.

You collected 121 gold pieces.

Inventory:

Hand Weapons
 f - a +0 short sword (weapon)
Missiles
 m - 3 poisoned darts
 p - 3 boomerangs
Armour
 a - a +0 robe (worn)
 v - a +1 cloak of willpower (worn)
Wands
 x - a wand of flame (9)
Scrolls
 d - a scroll of torment {unknown}
 k - a scroll of fear
 l - a scroll of enchant weapon {unknown}
 n - a scroll of vulnerability {unknown}
 q - a scroll of immolation {unknown}
 r - a scroll of enchant armour {unknown}
 s - a scroll of summoning {unknown}
Potions
 b - a potion of magic
 c - a potion of resistance {unknown}
 e - 4 potions of heal wounds
 g - a potion of brilliance {unknown}
 h - a potion of degeneration {unknown}
 i - 2 potions of lignification
 j - 2 potions of might
 o - 2 potions of curing
 t - a potion of haste {unknown}
 u - a potion of invisibility {unknown}
 w - a potion of attraction {unknown}


   Skills:
 - Level 1.5 Dodging
 - Level 3.0 Stealth
 + Level 3.4 Spellcasting
 + Level 1.9 Transmutations
 + Level 3.7 Earth Magic


You had 6 spell levels left.
You knew the following spells:

 Your Spells              Type           Power      Damage    Failure   Level
a - Sandblast             Erth           30%        2d9       3%          1
b - Passwall              Tmut/Erth      10%        N/A       8%          2

Your spell library contained the following spells:

 Spells                   Type           Power      Damage    Failure   Level
 Shock                    Conj/Air       8%         1d3       17%         1
 Stone Arrow              Conj/Erth      18%        3d8       24%         3
 Swiftness                Air            2%         N/A       45%         3
 Petrify                  Tmut/Erth      12%        N/A       45%         4
 Airstrike                Air            1%         2d(1-17)  86%         4


Dungeon Overview and Level Annotations

Branches:
Dungeon (4/15)
 Temple: D:4-7

Altars:
Xom
The Shining One


Innate Abilities, Weirdness & Mutations

You are immune to sickness and miasma.
Your stone body is resilient. (AC +3)
You are immune to poison.
You resist negative energy. (rN+)
You are resistant to electric shocks. (rElec)
You are resistant to unholy torment.
You are immune to petrification.


Message History

You hear the rusting of a very distant drain.
The blast of sand hits the ogre!
The ogre is moderately wounded.
The blast of sand hits the ogre.
The ogre is moderately wounded.
The ogre closely misses you.
The blast of sand hits the ogre.
The ogre is heavily wounded.
The ogre hits you with a +0 giant club!!
Ouch! That really hurt!
* * * LOW HITPOINT WARNING * * *
There is an escape hatch in the ceiling here.
A mysterious force pulls you upwards. The hatch slams shut behind you.
There is a stone staircase leading down here.
You start resting.
HP restored.
You climb downwards.
You hear the sound of rushing water.
There is an entrance to a sewer on this level.
Hurry and find it before the portal rusts away!
You hear the brisk rusting of a very distant drain.
There is a stone staircase leading up here.
There is a stone staircase leading up here.
You climb upwards.
There is a stone staircase leading down here.
There is a stone staircase leading down here.
You climb downwards.
You hear the sound of rushing water.
There is an entrance to a sewer on this level.
Hurry and find it before the portal rusts away!
There is a stone staircase leading up here.
Casting: Sandblast (safe; 3% risk of failure)
Confirm with . or Enter, or press ? or * to list all spells.
Aiming: Passwall (safe; 8% risk of failure)
Press: ? - help, Dir - move target A rock wall.
Okay, then.
The blast of sand hits the ogre!
The ogre is heavily wounded.
The ogre hits you with a +0 giant club!!
Ouch! That really hurt!
You die...

#..######.#
.....
#.........#
.....
#O#########
.....
#<........#
.....
#.......#
.....
#.####.##
..... #.#
#.# ..?..
#.####O#
.....
#.#<.@.#
#####
#.######
#.# #.


You could see an ogre.

Vanquished Creatures
  3 adders
  A worm (D:2)
  3 dart slugs
  An orc (D:3)
  6 endoplasms
  A giant cockroach (D:2)
  4 hobgoblins
  2 jackals (D:2)
  3 quokkas
  4 ball pythons
  5 bats
  6 frilled lizards
  10 goblins
  4 kobolds
  5 rats
58 creatures vanquished.

Notes
Turn   | Place    | Note
-------+----------+-------------------------------------------
     0 | D:1      | NinjaNoafa the Gargoyle Earth Elementalist began the quest
                  | for the Orb.
     0 | D:1      | Reached XP level 1. HP: 10/10 MP: 3/3
   180 | D:1      | Reached XP level 2. HP: 15/15 MP: 3/5
   363 | D:1      | Found a faded altar of an unknown god.
   644 | D:1      | Reached XP level 3. HP: 14/19 MP: 4/7
   959 | D:2      | Reached skill level 1 in Transmutations
  1439 | D:2      | Reached XP level 4. HP: 24/24 MP: 6/8
  1712 | D:3      | Found a glowing golden altar of the Shining One.
  1745 | D:3      | Found a shimmering altar of Xom.
  2109 | D:3      | Learned a level 2 spell: Passwall
  2444 | D:4      | Noticed an ogre
  2455 | D:4      | HP: 1/24 [ogre/+0 giant club (23)]
  2584 | D:4      | Mangled by an ogre

Illustrated notes

Levels and vault maps discovered:
D:1:      minmay_arrival_loop, layout_loops_cross,
          dreamdust_ecumenical_altar_angels_and_demons
D:2:      layout_basic
D:3:      layout_basic, mainiacjoe_overflow_two_lobes, serial_curves,
          eino_curves_03, eino_curves_04
D:4:      layout_basic, minmay_temple_entry_mist, ebering_ghost_gozag,
          gup_sewer_entry_bowl

Skill      XL: |  1  2  3 |
---------------+----------+-----
Stealth        | 3 |  3.0
Transmutations | 1 |  1.9
Spellcasting   | 3 |  3.4
Dodging        | |  1.5
Earth Magic    | |  3.7

Action                     |  1- 3 |  4- 6 || total
---------------------------+-------+-------++-------
  Melee: Short sword       |     2 |       ||     2
   Cast: Sandblast         |    50 |    31 ||    81
         Passwall          |       |     1 ||     1
    Use: Scroll            |       |     5 ||     5
 Armour: Robe              |     5 |     4 ||     9
  Dodge: Dodged            |    10 |    10 ||    20

Table legend: (Time is in decaauts)
 A = Elapsed time spent in this place.
 B = Non-inter-level travel time spent in this place.
 C = Inter-level travel time spent in this place.
 D = Time resting spent in this place.
 E = Time spent auto-exploring this place.
 F = Levels seen in this place.
 G = Mean time per level.
                   A        B        C        D        E       F      G
               +--------+--------+--------+--------+--------+-----+--------+
         Total |   2623 |   2453 |    170 |     41 |   2001 |   4 |  655.8 |
       Dungeon |   2623 |   2453 |    170 |     41 |   2001 |   4 |  655.8 |
               +--------+--------+--------+--------+--------+-----+--------+

Top non-repeatable levels by time:
     D:1: 910 daAuts
     D:3: 885 daAuts
     D:2: 683 daAuts
     D:4: 144 daAuts
